 Dungeon Sprint DCSS version 0.29.1-12-g30fa7ad0bf (webtiles) character file.

Game seed: 13531710114589347192

831 112233 the Carver (level 7, -3/57 HPs)
             Began as an Octopode Fighter on Dec 25, 2022.
             Was an Initiate of Jiyva.
             Slain by a five-headed hydra (10 damage)
             ... in the Dungeon (Sprint IX: "|||||||||||||||||||||||||||||").
             The game lasted 00:01:51 (805 turns).

112233 the Carver (Octopode Fighter)                 Turns: 805, Time: 00:01:51

Health: -3/57      AC:  5    Str: 15    XL:     7   Next: 98%
Magic:  7/7        EV: 16    Int: 11    God:    Jiyva [......]
Gold:   0          SH:  5    Dex: 13    Spells: 6/6 levels left

rFire   . . .      SeeInvis .   l - +2 scimitar (holy)
rCold   . . .      Faith    .   b - +0 buckler
rNeg    . . .      Spirit   .   (helmet restricted)
rPois   .          Reflect  .   (no amulet)
rElec   .          Harm     .   m - +2 ring of protection
rCorr   .          Rampage  .   n - +2 ring of protection
Will    .....      NoTele   +   (no ring)
Stlth   ++........              (no ring)
HPRegen 0.19/turn               (no ring)
MPRegen 0.10/turn               (no ring)
                                (no ring)
                                (no ring)

@: no status effects
A: almost no armour, amphibious, 8 rings, camouflage 1, gelatinous body 1,
(nimble swimmer 1), tentacles
a: Renounce Religion


You were in the Dungeon.
You worshipped Jiyva.
Jiyva was noncommittal.
You visited 1 branch

Inventory:

Hand Weapons
 a - a +0 long sword
 h - a +1 vorpal scimitar
 l - a +2 scimitar of holy wrath (weapon)
Armour
 b - a +0 buckler (worn)
Jewellery
 m - a +2 ring of protection (left tentacle)
 n - a +2 ring of protection (right tentacle)
Scrolls
 i - a scroll of blinking
 j - 2 scrolls of amnesia
Potions
 c - a potion of might
 d - 4 potions of curing
 e - 2 potions of heal wounds
 f - a potion of haste
 g - 4 potions of magic


   Skills:
 + Level 9.1 Fighting
 * Level 12.0 Long Blades
 + Level 9.1 Dodging
 - Level 3.3 Shields


You had 6 spell levels left.
You didn't know any spells.
Your spell library was empty.

Dungeon Overview and Level Annotations

Branches:
Dungeon (1/1)

Altars:
Cheibriados
Dithmenos
Elyvilon
Fedhas
Gozag
Hepliaklqana
Kikubaaqudgha
Makhleb
Nemelex Xobeh
Okawaru
Qazlal
Ru
Sif Muna
Trog
Uskayaw
Vehumet
Wu Jian
Xom
Yredelemnul
Zin
The Shining One
Jiyva
Lugonu


Innate Abilities, Weirdness & Mutations

You cannot wear most types of armour.
You are amphibious.
You can wear up to eight rings at the same time.
Your skin changes colour to match your surroundings (Stealth+).
Your rubbery body absorbs attacks. (AC +1, EV +1)
((You are camouflaged when in or above water. (Stealth+)))
You have tentacles for arms and can constrict up to eight enemies at once.


Message History

The five-headed hydra barely misses you.
You hear a distant slurping noise.
Unknown command.
The bolt of acid hits the five-headed hydra!
The five-headed hydra seems to be corroded for longer.
The five-headed hydra is severely wounded.
The bolt of acid misses the troll.
The bolt of acid hits the centaur warrior!
The centaur warrior seems to be corroded for longer.
The centaur warrior is severely wounded.
The five-headed hydra misses you. x2; The five-headed hydra bites you.
The five-headed hydra closely misses you.
The five-headed hydra bites you.
You hear a distant slurping noise.
The bolt of acid hits the five-headed hydra!
The five-headed hydra seems to be corroded for longer.
The five-headed hydra is almost dead.
The bolt of acid hits the troll!
The troll seems to be corroded for longer.
The troll is almost dead.
The bolt of acid hits the centaur warrior!
The centaur warrior seems to be corroded for longer.
The centaur warrior is almost dead.
The now-empty wand crumbles to dust.
The five-headed hydra barely misses you.
The five-headed hydra bites you but does no damage.
You block the five-headed hydra's attack.
The five-headed hydra bites you! The five-headed hydra misses you.
You hear a distant slurping noise.
Unknown command.
Nothing quivered!
Unknown command.
Unknown command.
You barely miss the five-headed hydra. You squeeze the five-headed hydra.
The five-headed hydra is almost dead.
The five-headed hydra bites you!
* * * LOW HITPOINT WARNING * * *
The five-headed hydra completely misses you.
The five-headed hydra bites you!
You die...

▓.▓
▓.▓
▓'▓
▓.▓
▓.▓
▓c▓
▓T▓
▓D▓
▓@▓
▓'▓
▓)▓
▓.▓
▓[▓
▓[▓
▓[▓
▓.▓
▓)▓


You could see a five-headed hydra (corroded), a centaur warrior (corroded) and a
troll (corroded).

Vanquished Creatures
  A hornet (D)
  2 vampire mosquitoes (D)
  2 orc warriors (D)
  A phantom (D)
  A killer bee (D)
  A jelly (D)
  An iguana (D)
  An orc wizard (D)
  A white imp (D)
  A dart slug (D)
  A ball python (D)
  A bat (D)
  A giant cockroach (D)
  2 kobolds (D)
17 creatures vanquished.

Vanquished Creatures (others)
  A lindwurm (D)
  An ironbound convoker (D)
  4 slime creatures (D)
  A redback (shapeshifter) (D)
  A quasit (D)
  6 jellies (D)
14 creatures vanquished.

Grand Total: 31 creatures vanquished

Notes
Turn   | Place    | Note
-------+----------+-------------------------------------------
     0 | D        | 112233 the Octopode Fighter began the quest for the Orb.
     0 | D        | Reached XP level 1. HP: 16/16 MP: 1/1
    14 | D        | Reached XP level 2. HP: 16/21 MP: 2/2
    79 | D        | Noticed a phantom
    83 | D        | Reached skill level 3 in Long Blades
    88 | D        | Killed a phantom
    89 | D        | Reached skill level 5 in Fighting
    89 | D        | Reached skill level 5 in Long Blades
    89 | D        | Reached skill level 5 in Dodging
    89 | D        | Reached XP level 3. HP: 27/29 MP: 3/3
    89 | D        | Reached XP level 4. HP: 32/35 MP: 4/4
    91 | D        | Reached skill level 6 in Long Blades
    91 | D        | Reached XP level 5. HP: 29/39 MP: 5/5
    96 | D        | Reached skill level 7 in Long Blades
   309 | D        | Found a snail-covered altar of Cheibriados.
   309 | D        | Found a shadowy altar of Dithmenos.
   309 | D        | Found a white marble altar of Elyvilon.
   309 | D        | Found a blossoming altar of Fedhas.
   309 | D        | Found an opulent altar of Gozag.
   310 | D        | Found a hazy altar of Hepliaklqana.
   311 | D        | Found a viscous altar of Jiyva.
   312 | D        | Found an ancient bone altar of Kikubaaqudgha.
   313 | D        | Found a corrupted altar of Lugonu.
   314 | D        | Found a burning altar of Makhleb.
   315 | D        | Found a sparkling altar of Nemelex Xobeh.
   316 | D        | Found an iron altar of Okawaru.
   317 | D        | Found a stormy altar of Qazlal.
   318 | D        | Found a sacrificial altar of Ru.
   319 | D        | Became a worshipper of Jiyva Jyaral the Shapeless
   319 | D        | Killed a lindwurm
   319 | D        | Killed an ironbound convoker
   320 | D        | Found a shimmering blue altar of Sif Muna.
   320 | D        | Killed a slime creature
   321 | D        | Found a bloodstained altar of Trog.
   321 | D        | Killed a slime creature
   322 | D        | Found a hide-covered altar of Uskayaw.
   322 | D        | Killed a slime creature
   323 | D        | Found a radiant altar of Vehumet.
   324 | D        | Found an ornate altar of the Wu Jian Council.
   324 | D        | Killed a slime creature
   325 | D        | Found a shimmering altar of Xom.
   326 | D        | Found a basalt altar of Yredelemnul.
   326 | D        | Killed a redback
   327 | D        | Found a glowing silver altar of Zin.
   328 | D        | Found a glowing golden altar of the Shining One.
   356 | D        | Noticed a vampire mosquito
   356 | D        | Noticed an orc warrior
   356 | D        | Noticed an orc warrior
   356 | D        | Noticed a hornet
   363 | D        | Killed a hornet
   364 | D        | Reached skill level 9 in Long Blades
   364 | D        | Reached XP level 6. HP: 33/49 MP: 6/6
   370 | D        | Killed an orc warrior
   371 | D        | Reached skill level 10 in Long Blades
   371 | D        | Reached XP level 7. HP: 25/54 MP: 7/7
   383 | D        | Killed a vampire mosquito
   384 | D        | Reached skill level 11 in Long Blades
   489 | D        | Noticed a basilisk
   489 | D        | Noticed a centaur warrior
   489 | D        | Noticed a troll
   489 | D        | Noticed a five-headed hydra
   489 | D        | Noticed a vampire mosquito
   493 | D        | Killed a vampire mosquito
   494 | D        | Reached skill level 12 in Long Blades
   805 | D        | Slain by a five-headed hydra

Illustrated notes

Levels and vault maps discovered:
D:        linesprint [early_d, line_temple, items_1, d_10, items_2, lair_1,
          lair_end, items_3, orc_1, orc_end, items_4, d_15, swamp_1, shoals_1,
          snake_1, spider_1, d_20, vaults_1, items_5, swamp_end, shoals_end,
          snake_end, spider_end, vaults_end, d_27, items_6, zot_1, zot_end,
          crypt_end, forest_end, elf_end, slime_end, tomb_end, abyss_end,
          pan_hell_end]

Skill      XL: |  1  2  3  4  5  6  7 |
---------------+----------------------+-----
Long Blades    | 5 6 9 10 12 | 12.0
Fighting       | 5 7 9 |  9.1
Dodging        | 5 7 9 |  9.1
Shields        | |  3.3

Action                   |  1- 3 |  4- 6 |  7- 9 || total
-------------------------+-------+-------+-------++-------
Melee: Long sword        |    16 |     5 |       ||    21
       Constrict         |     3 |     4 |     5 ||    12
       Tentacles         |     3 |     7 |     4 ||    14
       Scimitar          |       |    11 |    24 ||    35
Evoke: Wand              |       |       |    10 ||    10
  Use: Potion            |     1 |     2 |     1 ||     4
       Scroll            |       |       |     1 ||     1
 Stab: Sleeping          |     1 |       |       ||     1
       Invisible         |       |     3 |     3 ||     6
Armor: Skin              |     1 |       |     5 ||     6
Dodge: Dodged            |     8 |    12 |    29 ||    49
Block: Buckler           |     2 |     3 |     9 ||    14
